 Seeded DCSS version 0.32-a0-913-g739538afd8 (webtiles) character file.

Game seed: 17073724502869601980 (custom seed)

523318 timneilson the Impregnable (level 24, -11/217 HPs)
             Began as a Minotaur Fighter on Apr 7, 2024.
             Was an Initiate of Gozag.
             Killed from afar by a deep elf sorcerer (30 damage)
             ... with damnation
             ... on level 3 of the Elven Halls.
             The game lasted 03:08:23 (61963 turns).

timneilson the Impregnable (Minotaur Fighter)      Turns: 61963, Time: 03:08:24

Health: -11/217    AC: 31    Str: 27    XL:     24   Next: 18%
Magic:  22/22      EV: 21    Int:  7    God:    Gozag
Gold:   5235       SH: 25    Dex: 23    Spells: 23/23 levels left

rFire   + . .        W - +9 double sword (flame)
rCold   + + +        g - +2 kite shield {reflect}
rNeg    + + +        V - +1 plate armour {rF+}
rPois   +            j - +3 crown of Dyrovepreva {rElec Int+2 SInv}
rElec   +            U - scarf of Violets {rC+ rF+, Str+4 Stlth+}
rCorr   +            m - +1 pair of gloves "Fofioj" {rC++ rN+}
SInv    +            p - +0 pair of boots {Stlth+}
Will    +....        K - amulet of Ephemeral Luck {Reflect rPois rF- rN++ Dex+3 Slay+3 SH+5} Stlth
                     o - ring of resist corrosion
HPRegen 0.56/turn    t - +4 ring of slaying
MPRegen 0.18/turn

%: reflection
@: no status effects
A: horns 2, retaliatory headbutt
}: 3/15 runes: decaying, abyssal, gossamer
a: Renounce Religion, Potion Petition, Call Merchant, Bribe Branch


You were on level 3 of the Elven Halls.
You worshipped Gozag.
Gozag was greatly pleased with you.
You visited 10 branches of the dungeon, and saw 45 of its levels.
You visited the Abyss 3 times.
You visited 1 bazaar.
You also visited: Volcano, Wizlab and Desolation.

You collected 23490 gold pieces.
You spent 3906 gold pieces at shops.
You paid 14349 gold pieces to Gozag.

Inventory:

Hand Weapons
 W - a +9 double sword of flaming (weapon)
Missiles
 u - 53 poisoned darts (quivered)
 B - 21 javelins
 E - 7 throwing nets
 J - 7 curare-tipped darts
 N - 2 silver javelins
Armour
 g - a +2 kite shield of reflection (worn)
 j - the +3 crown of Dyrovepreva (worn) {rElec Int+2 SInv}
   (You bought it in a shop on level 2 of the Orcish Mines)

   Int+2:     It affects your intelligence (+2).
   rElec:     It insulates you from electricity.
   SInv:      It lets you see invisible.
 m - the +1 pair of gloves "Fofioj" (worn) {rC++ rN+}
   (You bought it in a shop on level 12 of the Dungeon)

   rC++:      It greatly protects you from cold.
   rN+:       It protects you from negative energy.
 p - a +0 pair of boots of stealth (worn)
 S - a +0 cloak of preservation
 U - the scarf of Violets (worn) {rC+ rF+, Str+4 Stlth+}
   (You found it on level 4 of the Lair of Beasts)

   Str+4:     It affects your strength (+4).
   Stlth+:    It makes you more stealthy.
 V - a +1 plate armour of fire resistance (worn)
Jewellery
 o - a ring of resist corrosion (left hand)
 t - a +4 ring of slaying (right hand)
 v - a ring of protection from fire
 K - the amulet of Ephemeral Luck (around neck) {Reflect rPois rF- rN++ Dex+3 Slay+3 SH+5}
   (You bought it in a shop on level 8 of the Dungeon)

   [amulet of reflection]

   Reflect:   It reflects blocked missile attacks.
   Dex+3:     It affects your dexterity (+3).
   Slay+3:    It affects your accuracy & damage with ranged weapons and melee
   (+3).
   rF-:       It makes you vulnerable to fire.
   rPois:     It protects you from poison.
   rN++:      It greatly protects you from negative energy.
   SH+5:      It affects your SH (+5).
Wands
 l - a wand of roots (39)
 w - a wand of flame (68)
 F - a wand of mindburst (36)
 L - a wand of digging (25)
Scrolls
 a - 3 scrolls of brand weapon
 h - 7 scrolls of enchant weapon
 q - 6 scrolls of fear
 r - a scroll of revelation
 x - a scroll of blinking
 y - 3 scrolls of immolation
 C - 19 scrolls of teleportation
 D - 3 scrolls of summoning
 P - 17 scrolls of poison
 T - 3 scrolls of fog
 Z - 3 scrolls of enchant armour
Potions
 b - 2 potions of resistance
 c - a potion of invisibility
 d - 4 potions of might
 f - 19 potions of mutation
 i - 15 potions of curing
 n - 2 potions of berserk rage
 s - 7 potions of ambrosia
 z - 7 potions of attraction
 A - 7 potions of enlightenment
 I - 4 potions of heal wounds
 R - 3 potions of cancellation
Miscellaneous
 H - a condenser vane (inert)
 M - a box of beasts
 Q - a lightning rod (4/4)


   Skills:
 + Level 18.2 Fighting
 * Level 24.2 Long Blades
 - Level 12.1 Throwing
 * Level 26.5 Armour
 + Level 19.0 Dodging
 * Level 24.4 Shields
 + Level 13.8 Evocations


You had 23 spell levels left.
You didn't know any spells.
Your spell library contained the following spells:

 Spells                   Type           Power      Damage    Failure   Level
 Kiss of Death            Conj/Necr      0%         2d5       83%         1
 Sting                    Conj/Alch      0%         1d3       83%         1
 Blink                    Tloc           0%         N/A       93%         2
 Call Imp                 Summ           0%         N/A       93%         2
 Cigotuvi's Dreadful Rot  Necr/Alch/Air  0%         N/A       93%         2
 Ensorcelled Hibernation  Hex/Ice        0%         N/A       93%         2
 Lesser Beckoning         Tloc           0%         N/A       93%         2
 Mercury Vapours          Alch/Air       0%         N/A       93%         2
 Momentum Strike          Conj/Tloc      0%         3d8       93%         2
 Scorch                   Fire           0%         2d5       93%         2
 Searing Ray              Conj           0%         2d4       93%         2
 Sublimation of Blood     Necr           0%         N/A       93%         2
 Confusing Touch          Hex            0%         N/A       99%         3
 Hailstorm                Conj/Ice       0%         3d5       99%         3
 Inner Flame              Hex/Fire       0%         N/A       99%         3
 Mephitic Cloud           Conj/Alch/Air  0%         N/A       99%         3
 Passwall                 Erth           0%         N/A       99%         3
 Sigil of Binding         Hex            0%         N/A       99%         3
 Stone Arrow              Conj/Erth      0%         3d7       99%         3
 Summon Ice Beast         Ice/Summ       0%         N/A       99%         3
 Swiftness                Air            0%         N/A       99%         3
 Teleport Other           Tloc           0%         N/A       99%         3
 Volatile Blastmotes      Fire/Tloc      0%         2d10      99%         3
 Anguish                  Hex/Necr       0%         N/A       100%        4
 Animate Armour           Summ/Erth      0%         N/A       100%        4
 Cause Fear               Hex            0%         N/A       100%        4
 Dispel Undead            Necr           0%         3d6       100%        4
 Flame Wave               Conj/Fire      0%         2d4       100%        4
 Fulminant Prism          Conj/Alch      0%         3d5       100%        4
 Iskenderun's Mystic Bla Conj/Tloc 0%             2d3        (+2d1     100%        4
 Leda's Liquefaction      Alch/Erth      0%         N/A       100%        4
 Martyr's Knell           Necr/Summ      0%         N/A       100%        4
 Olgreb's Toxic Radiance  Alch           0%         N/A       100%        4
 Petrify                  Alch/Erth      0%         N/A       100%        4
 Sticky Flame             Fire/Alch      0%         2d4       100%        4
 Summon Blazeheart Golem  Fire/Summ      0%         N/A       100%        4
 Summon Lightning Spire   Summ/Air       0%         N/A       100%        4
 Vhi's Electric Charge    Tloc/Air       0%         N/A       100%        4
 Borgnjor's Vile Clutch   Necr/Erth      0%         N/A       100%        5
 Irradiate                Conj/Alch      0%         3d11      100%        5
 Iskenderun's Battlesphe  Conj           0%         2d6       100%        5
 Lee's Rapid Deconstruct  Erth           0%         3d4*      100%        5
 Metabolic Englaciation   Hex/Ice        0%         N/A       100%        5
 Summon Forest            Summ/Tloc      0%         N/A       100%        5
 Summon Mana Viper        Hex/Summ       0%         N/A       100%        5
 Bombard                  Conj/Erth      0%         9d1       100%        6
 Conjure Ball Lightning   Conj/Air       0%         3x3d6     100%        6
 Death Channel            Necr           0%         N/A       100%        6
 Eringya's Noxious Bog    Alch           0%         4d6       100%        6
 Sculpt Simulacrum        Ice/Alch       0%         N/A       100%        6
 Summon Cactus Giant      Summ           0%         N/A       100%        6
 Enfeeble                 Hex            0%         N/A       100%        7
 Haunt                    Necr/Summ      0%         N/A       100%        7
 Monstrous Menagerie      Summ           0%         N/A       100%        7
 Orb of Destruction       Conj           0%         9d5       100%        7
 Spellforged Servitor     Conj/Summ      0%         N/A       100%        7
 Summon Hydra             Summ           0%         N/A       100%        7
 Borgnjor's Revivificati  Necr           0%         N/A       100%        8
 Discord                  Hex            0%         N/A       100%        8
 Disjunction              Tloc           0%         N/A       100%        8
 Ignition                 Fire           0%         3d3       100%        8
 Lehudib's Crystal Spear  Conj/Erth      0%         10d2      100%        8
 Death's Door             Necr           0%         N/A       100%        9
 Animate Dead             Necr           Unusable   N/A       N/A         4

Dungeon Overview and Level Annotations

Branches:
Dungeon (15/15)            Temple (1/1) D:5            Lair (5/5) D:9
  Swamp (4/4) Lair:3       Spider (4/4) Lair:2        Slime (0/5) Lair:5
    Orc (2/2) D:12            Elf (3/3) Orc:2        Vaults (4/5) D:14
  Crypt (3/3) Vaults:2       Tomb (0/3) Crypt:3      Depths (4/4) D:15
    Zot (0/5) Depths:4    Volcano (visited)          WizLab (visited)
Desolation (visited)

Altars:
Ashenzari
Cheibriados
Dithmenos
Elyvilon
Fedhas
Gozag
Hepliaklqana
Kikubaaqudgha
Makhleb
Nemelex Xobeh
Okawaru
Qazlal
Ru
Sif Muna
Trog
Uskayaw
Vehumet
Wu Jian
Xom
Yredelemnul
Zin
The Shining One
Jiyva

Shops:
D:8 =   D:9 ==   D:12 *[   D:14 =   Orc:2 *[*[[   Elf:2 (   Lair:5 *
Spider:3 [   Vaults:1 (   Vaults:3 [[   Depths:1 (   Depths:3 =

Portals:
Hell: Lair:5 Depths:1 Depths:2 Depths:3 Depths:4
Abyss: Depths:1 Depths:2 Depths:3
Pandemonium: Depths:2 Depths:3
Ziggurat: Depths:4
Trove: Vaults:4 (give 17 scrolls of teleportation)

Annotations:
Vaults:1 6 runed translucent doors


Innate Abilities, Weirdness & Mutations

You have a pair of horns on your head.
You reflexively headbutt those who attack you in melee.


Message History

You hit the ancient lich.
The ancient lich is severely damaged.
You block the ancient lich's attack.
You slice the ancient lich!! You burn the ancient lich.
You headbutt the ancient lich.
You destroy the ancient lich!
A small abomination comes into view.
The substance of the Abyss twists violently, and a gateway leading out appears!
There is a gateway leading out of the Abyss here.
You see here 7 gold pieces.
You now have 5222 gold pieces (gained 7).
You block the small abomination's attack. x2
There is a gateway leading out of the Abyss here.
You slice the small abomination!! You burn the small abomination!
You destroy the small abomination!
You now have 5235 gold pieces (gained 13).
A brain worm comes into view.
There is a gateway leading out of the Abyss here.
The brain worm is briefly caught in foreign memories of distant lands.
You pass through the gate.
Welcome back to the Elven Halls!
The deep elf annihilator casts a spell at you.
The bolt of lightning hits you! You resist.
* * * LOW HITPOINT WARNING * * *
The deep elf sorcerer gestures wildly while chanting.
The deep elf sorcerer seems to speed up.
The deep elf annihilator points at you and mumbles some strange words.
The bolt of lightning hits you but does no damage.
You resist.
Blink to where?
Press: ? - help, Dir - move target
As you read the scroll of blinking, it crumbles to dust.
You are no longer corroded.
The deep elf sorcerer casts a spell at you.
You resist the pull of the Abyss.
There is a stone staircase leading up here.
The deep elf sorcerer casts a spell at you.
The sphere of damnation explodes!
The damnation engulfs you!!
You die...
Your body crumbles into a pile of gold.

#..#
##..........#......####.
##.###.#.........#.[....# #.
#.....#.........#.#..#.# #.
#)##########.##......#.####.
#......# #..####.##......#.
######.# #..e.e...e#.....#.
#.# #...###.[#......e.
#.####.#.###.##e.......
#.....@....##..........
#....#.#.#####........#
######.### ##.......# #.#
#......## #.# #......## ###
#.#####.. #.## #.. #..# #..
#####.#####..


You could see a deep elf sorcerer (fast).

Vanquished Creatures
  An ancient lich (Abyss:3)
  Frederick (Crypt:2)
  2 dread liches
  Xtahua (Vaults:4)
  A royal mummy (Crypt:3)
  Boris (Depths:3)
  Saint Roka (Orc:2)
  Bai Suzhen (Spider:3)
  The ghost of Zuofef the Metallomancer, a veteran GrEE of Gozag (Depths:2)
  Jory (Depths:4)
  A mutant beast (WizLab)
  2 bone dragons
  Arachne (Spider:3)
  The ghost of Lemonizer the Practitioner, an adept MDEE of Elyvilon (Vaults:1)
  Jorgrun (Spider:2)
  3 tentacled monstrosities
  4 liches
  The ghost of Hempoxt the Cloud Mage, an adept HuAE of Vehumet (Elf:1)
  A quicksilver dragon (Depths:2)
  A deep elf blademaster (Elf:2)
  3 deep elf master archers (Elf:3)
  4 tentacled starspawn (Abyss:3)
  7 ancient champions
  2 thorn hunters
  Frances (Spider:2)
  4 sphinxes
  Kirke (Lair:5)
  Donald (Spider:3)
  Aizul (Spider:3)
  2 shadow dragons
  A tengu reaver (Vaults:3)
  2 revenants (Crypt:3)
  2 storm dragons
  A fenstrider witch (Swamp:1)
  6 frost giants
  A fire giant (Depths:3)
  12 vault wardens
  A draconian scorcher (Depths:4)
  2 deep elf elementalists (Elf:3)
  2 deep elf sorcerers
  A draconian knight (Depths:4)
  6 ghost moths
  4 curse skulls
  Louise (Swamp:1)
  3 emperor scorpions
  A caustic shrike zombie (Crypt:3)
  5 ghouls
  10 stone giants
  11 ironbound preservers
  A cacodemon (Abyss:3)
  23 very ugly things
  A reaper (Crypt:3)
  A formless jellyfish (Vaults:1)
  2 broodmothers (Spider:2)
  2 orc warlords (Vaults:3)
  9 ironbound thunderhulks
  A spriggan defender (Depths:3)
  14 vampire knights
  2 deep elf death magi
  7 eleionomae
  Azrael (Elf:2)
  5 deep elf demonologists
  2 white draconians (Depths:4)
  3 deep elf annihilators
  8 dire elephants
  A black draconian (Depths:4)
  A purple draconian (Depths:4)
  A yellow draconian (Depths:4)
  A green draconian (Depths:4)
  A halazid warlock (Desolation)
  A war gargoyle (Vaults:3)
  13 spark wasps
  5 bunyips
  3 blizzard demons (Depths:2)
  3 eidola (Crypt:2)
  8 fire dragons
  A fire dragon (shapeshifter) (WizLab)
  7 ettins
  6 ragged hierophants (Desolation)
  6 crystal guardians
  A shambling mangrove (Swamp:4)
  A green death (Depths:2)
  13 jiangshi
  12 yaktaur captains
  9 great orbs of eyes
  Josephine (D:11)
  3 deep elf high priests
  Fannar (D:11)
  8 vault guards
  5 ice dragons
  6 entropy weavers
  5 rakshasas
  15 peacekeepers
  20 hydras
  8 radroaches
  A merfolk avatar (Abyss:3)
  5 servants of whispers (Desolation)
  4 spriggan air magi
  A ghost crab (Swamp:1)
  A death knight (Crypt:1)
  13 alligators
  A catoblepas (Lair:2)
  12 centaur warriors
  24 dancing weapons
  9 two-headed ogres
  5 ironbound frosthearts
  8 boulder beetles
  A death scarab (Swamp:3)
  6 deep troll shamans
  4 tengu warriors
  6 death yaks (Lair:5)
  14 vampire magi
  5 deep troll earth magi
  A shock serpent (shapeshifter) (Depths:4)
  A sphinx skeleton (Depths:1)
  3 orc high priests (Orc:2)
  A titan zombie (Crypt:2)
  4 thrashing horrors (Abyss:3)
  Urug (Orc:1)
  3 occultists
  13 demonic crawlers
  6 spriggans
  3 iron trolls
  2 wretched stars (Abyss:3)
  2 soul eaters
  3 skysharks
  2 sun demons
  A fire crab (Lair:5)
  16 hell knights
  17 deep elf knights
  A spatial maelstrom (Abyss:3)
  30 deep trolls
  14 skeletal warriors
  9 deep elf archers
  5 goliath frogs
  A storm dragon skeleton (Crypt:1)
  An anaconda zombie (Crypt:1)
  A fire crab (shapeshifter) (WizLab)
  A mana viper (shapeshifter) (WizLab)
  7 shadow wraiths
  3 spriggan druids
  2 bunyip zombies (Swamp:3)
  16 bog bodies
  A death drake (shapeshifter) (WizLab)
  14 orb spiders
  7 arcanists
  6 pharaoh ants
  A sun moth (shapeshifter) (WizLab)
  An obsidian statue (Vaults:4)
  A death drake (Swamp:3)
  4 glowing orange brains
  6 flayed ghosts
  9 swamp dragons
  A glowing orange brain (shapeshifter) (WizLab)
  An obsidian bat (Orc:2)
  11 ironbound convokers
  3 thermic dynamos
  10 orc knights
  10 phantasmal warriors
  17 wolf spiders
  2 sun moths
  6 steelbarb worms
  12 large abominations
  17 deep elf zephyrmancers
  9 necromancers
  A lindwurm (Vaults:3)
  A sphinx simulacrum (Depths:2)
  A harpy (shapeshifter) (WizLab)
  A wolf spider (shapeshifter) (WizLab)
  A broodmother zombie (Crypt:2)
  24 deep elf pyromancers
  A shadow dragon skeleton (Depths:2)
  A tengu skeleton (Depths:2)
  A faun (shapeshifter) (Vaults:4)
  6 will-o-the-wisps
  31 ugly things
  A manticore (shapeshifter) (WizLab)
  8 orc sorcerers
  4 cyclopes
  15 meliai
  3 manticores
  A salamander (shapeshifter) (WizLab)
  2 worldbinders (Abyss:3)
  12 centaur zombies
  5 moths of wrath
  A jorogumo skeleton (Crypt:1)
  2 guardian serpents (Desolation)
  4 smoke demons
  Joseph (D:8)
  A molten gargoyle (Desolation)
  23 vault sentinels
  6 black mambas
  A water nymph (shapeshifter) (Depths:2)
  7 kobold blastminers
  An orange demon (Abyss:3)
  A stone giant skeleton (Depths:1)
  An unseen horror (D:12)
  2 eyes of devastation (shapeshifter) (WizLab)
  A gargoyle (D:14)
  A dire elephant skeleton (Crypt:3)
  6 torpor snails
  10 cane toads
  A kobold demonologist (D:11)
  A titan simulacrum (Depths:2)
  3 centaur skeletons
  A swamp worm zombie (Crypt:3)
  A komodo dragon (shapeshifter) (WizLab)
  A tormentor (Depths:2)
  A storm dragon simulacrum (Depths:2)
  9 komodo dragons
  43 yaktaurs
  8 rime drakes
  A spark wasp simulacrum (Depths:2)
  A white draconian skeleton (Crypt:3)
  4 guardian mummies (Crypt:3)
  2 harpy zombies
  4 freezing wraiths
  An anaconda simulacrum (Abyss:3)
  7 tengu conjurers
  8 ice devils
  2 ancient zymes (Abyss:3)
  18 starcursed masses (Abyss:3)
  A great orb of eyes zombie (Crypt:2)
  6 hornets
  A bloated husk (Swamp:2)
  A hellwing (Abyss:3)
  2 trolls
  45 saltlings
  19 tarantellas
  3 polar bears
  A tyrant leech (shapeshifter) (WizLab)
  An ettin zombie (Depths:2)
  A harpy skeleton (Crypt:3)
  4 glass eyes (WizLab)
  2 tengu simulacra (Depths:2)
  11 tyrant leeches
  A dream sheep (shapeshifter) (WizLab)
  16 blink frogs
  A snapping turtle (shapeshifter) (Depths:1)
  22 jumping spiders
  A death drake skeleton (Crypt:1)
  21 dream sheep
  A centaur simulacrum (D:15)
  2 radroach zombies (Crypt:2)
  A slime creature (shapeshifter) (WizLab)
  A meliai zombie (D:11)
  A fire dragon zombie (Crypt:3)
  29 slime creatures
  A satyr skeleton (Crypt:2)
  6 vampires
  18 wraiths
  A ynoxinul (Abyss:3)
  5 shadows (D:11)
  7 wyverns
  2 spriggan skeletons
  18 culicivoras
  A black mamba skeleton (Crypt:1)
  5 water elementals
  72 yaks
  A human (D:14)
  5 wargs
  3 steam dragons (D:9)
  6 fire elementals
  A neqoxec (Abyss:3)
  40 redbacks
  A basilisk (Lair:3)
  2 hogs (Lair:4)
  31 vampire mosquitoes
  A chaos spawn (Abyss:3)
  A naga zombie (Crypt:2)
  Grum (D:11)
  An iron golem (WizLab)
  A deep troll zombie (Crypt:1)
  A swamp worm (shapeshifter) (WizLab)
  A skyshark zombie (Crypt:3)
  15 swamp worms
  10 small abominations
  2 acid dragons
  17 hell hounds
  An entropy weaver zombie (Crypt:1)
  14 water moccasins
  7 swamp drakes (Swamp:4)
  A cane toad skeleton (Crypt:2)
  21 orc warriors
  An ice beast (Vaults:1)
  3 spriggan simulacra
  A black bear (D:6)
  22 laughing skulls
  An ettin simulacrum (Depths:2)
  A lindwurm skeleton (Crypt:3)
  An ogre (Orc:1)
  A boggart (shapeshifter) (WizLab)
  20 wolves
  4 centaurs
  A blink frog skeleton (Crypt:1)
  2 swamp dragon skeletons (Swamp:3)
  A manticore skeleton (Crypt:1)
  2 phantoms (D:5)
  A rime drake skeleton (Crypt:3)
  2 kobold brigands
  3 scorpions
  12 bullfrogs
  An earth elemental (Abyss:3)
  A salamander zombie (Crypt:2)
  3 gnoll sergeants
  An elf skeleton (Crypt:1)
  8 wights
  A water moccasin skeleton (Crypt:1)
  A yak zombie (Crypt:1)
  8 killer bees
  8 howler monkeys
  2 electric eels
  23 orc priests
  4 hounds
  2 gnoll boudas (D:8)
  2 sleepcaps
  3 iguanas
  22 orc wizards
  A boggart zombie (D:11)
  A boggart skeleton (D:15)
  24 gnolls
  A howler monkey zombie (Crypt:2)
  11 adders
  A swamp drake zombie (Crypt:2)
  A shadow imp (D:8)
  9 white imps
  2 ufetubi (D:6)
  A lava snake zombie (Crypt:3)
  An adder skeleton (Crypt:3)
  3 ribbon worms (Lair:2)
  3 dart slugs
  69 orcs
  8 endoplasms
  8 giant cockroaches
  8 hobgoblins
  11 jackals
  4 quokkas
  3 ball pythons
  11 bats
  7 frilled lizards
  6 goblins
  22 kobolds
  5 rats
  2 starspawn tentacles (Abyss:3)
2026 creatures vanquished.

Vanquished Creatures (others)
  A fenstrider witch (Swamp:3)
  An ironbound preserver (Vaults:4)
  A bunyip (Swamp:3)
  An orb spider (Spider:4)
  A manticore (D:14)
  3 bloated husks
  A vampire mosquito (Swamp:4)
  A swamp worm (Swamp:2)
  A centaur (Volcano)
  A howler monkey (D:11)
  An orc (Orc:2)
  3 ball lightnings (Elf:1)
  39 foxfires
  10 starspawn tentacles (Abyss:3)
65 creatures vanquished.

Grand Total: 2091 creatures vanquished

Notes
Turn   | Place    | Note
-------+----------+-------------------------------------------
     0 | D:1      | timneilson the Minotaur Fighter began the quest for the
                  | Orb.
     0 | D:1      | Reached XP level 1. HP: 19/19 MP: 0/0
   123 | D:1      | Identified a scroll of acquirement
   123 | D:1      | Acquired a manual of Armour
   328 | D:1      | Reached skill level 4 in Armour
   328 | D:1      | Reached XP level 2. HP: 27/27 MP: 1/1
   792 | D:4      | Acquired a +0 scimitar of electrocution
   805 | D:5      | Entered Level 5 of the Dungeon
   816 | D:5      | Found a staircase to the Ecumenical Temple.
   824 | Temple   | Entered the Ecumenical Temple
  1005 | D:2      | Reached XP level 3. HP: 33/33 MP: 2/2
  1295 | Temple   | Became a worshipper of Gozag Ym Sagoz the Greedy
  1323 | D:5      | Reached skill level 5 in Armour
  1323 | D:5      | Reached skill level 1 in Dodging
  1323 | D:5      | Reached XP level 4. HP: 39/40 MP: 3/3
  2244 | D:3      | Reached XP level 5. HP: 46/46 MP: 4/4
  2320 | D:3      | Found a radiant altar of Vehumet.
  2463 | D:3      | Found a faded altar of an unknown god.
  3289 | D:4      | Reached skill level 6 in Armour
  3289 | D:4      | Reached skill level 5 in Shields
  3570 | D:4      | Reached XP level 6. HP: 53/53 MP: 5/5
  3823 | D:5      | Reached skill level 1 in Evocations
  3860 | D:5      | Noticed a water moccasin
  3872 | D:5      | Killed a water moccasin
  3873 | D:5      | Reached skill level 7 in Armour
  3881 | D:5      | Reached XP level 7. HP: 16/60 MP: 6/6
  4072 | D:5      | Reached skill level 5 in Long Blades
  4344 | D:5      | Reached skill level 5 in Fighting
  4393 | D:5      | Reached skill level 8 in Armour
  4737 | D:6      | Reached XP level 8. HP: 58/68 MP: 7/7
  5570 | D:7      | You fall into a shaft and drop 3 floors!
  5570 | D:10     | Entered Level 10 of the Dungeon
  5621 | D:10     | Reached skill level 9 in Armour
  5677 | D:10     | Noticed a hornet
  5687 | D:10     | Killed a hornet
  6057 | D:9      | Reached skill level 10 in Armour
  6112 | D:9      | Reached XP level 9. HP: 75/75 MP: 8/8
  6156 | D:8      | Found a stormy altar of Qazlal.
  6156 | D:8      | Found a bloodstained altar of Trog.
  6156 | D:8      | Found an ornate altar of the Wu Jian Council.
  6612 | D:7      | Found an iron altar of Okawaru.
  6832 | D:7      | Reached skill level 11 in Armour
  6905 | D:7      | Found a broken altar of Ashenzari.
  7149 | D:7      | Found a shimmering blue altar of Sif Muna.
  7392 | D:8      | Noticed Joseph
  7415 | D:8      | Killed Joseph
  7416 | D:8      | Reached skill level 12 in Armour
  7628 | D:8      | Found Idowidgh's Jewellery Emporium.
  7636 | D:8      | Bought the amulet of Ephemeral Luck {Reflect rPois rF- rN++
                  | Dex+3 Slay+3 SH+5} for 826 gold pieces
  7673 | D:8      | Reached XP level 10. HP: 72/84 MP: 9/9
  7683 | D:8      | Reached skill level 5 in Dodging
  7787 | D:8      | Identified the +5 long sword of Fear {distort, rC+}
  8096 | D:9      | Noticed a centaur warrior
  8113 | D:9      | Killed a centaur warrior
  8114 | D:9      | Reached skill level 13 in Armour
  8115 | D:9      | Noticed a skeletal warrior
  8543 | D:9      | Killed a skeletal warrior
  8544 | D:9      | Reached skill level 10 in Shields
  8631 | D:9      | Noticed a two-headed ogre
  8639 | D:9      | Killed a two-headed ogre
  8697 | D:9      | Noticed a two-headed ogre
  8711 | D:9      | Killed a two-headed ogre
  8712 | D:9      | Reached skill level 14 in Armour
  8726 | D:9      | Reached XP level 11. HP: 58/94 MP: 10/10
  8770 | D:9      | Reached skill level 10 in Long Blades
  8867 | D:9      | Found a staircase to the Lair.
  9260 | D:9      | Found a glowing silver altar of Zin.
 10038 | D:10     | Reached skill level 1 in Throwing
 10320 | Lair:1   | Entered Level 1 of the Lair of Beasts
 10353 | Lair:1   | Reached skill level 5 in Evocations
 10778 | Lair:1   | Reached skill level 15 in Armour
 11247 | Lair:2   | Noticed a demonic crawler
 11263 | Lair:2   | Killed a demonic crawler
 11342 | Lair:2   | Found a hole to the Spider Nest.
 11382 | Lair:2   | Reached XP level 12. HP: 103/103 MP: 11/11
 11400 | Lair:2   | Noticed a catoblepas
 11434 | Lair:2   | Killed a catoblepas
 11456 | Lair:2   | Reached skill level 16 in Armour
 12983 | Lair:4   | Identified the scarf of Violets {rC+ rF+, Str+4 Stlth+}
 13144 | Lair:4   | Reached skill level 17 in Armour
 13327 | Lair:4   | Identified the maw talisman of the Foremost Coins {Int+3
                  | Dex+3}
 13480 | Lair:4   | Acquired a +8 double sword of flaming
 13781 | Lair:4   | Noticed a six-headed hydra
 13786 | Lair:4   | Killed a four-headed hydra
 13974 | Lair:5   | Entered Level 5 of the Lair of Beasts
 13975 | Lair:5   | Noticed a four-headed hydra
 13983 | Lair:5   | Reached XP level 13. HP: 83/112 MP: 12/12
 14620 | Lair:3   | Found a staircase to the Swamp.
 15033 | D:11     | Noticed Josephine
 15037 | D:11     | Reached skill level 10 in Fighting
 15044 | D:11     | Killed Josephine
 15055 | D:11     | Reached skill level 5 in Throwing
 15184 | D:11     | Noticed Fannar
 15186 | D:11     | Noticed Grum
 15191 | D:11     | Killed Fannar
 15199 | D:11     | Reached skill level 18 in Armour
 15202 | D:11     | Killed Grum
 16085 | D:12     | Found a staircase to the Orcish Mines.
 16225 | D:12     | Reached XP level 14. HP: 117/122 MP: 13/13
 16320 | D:12     | Found a hide-covered altar of Uskayaw.
 16634 | D:12     | Identified the scarf of Mischum {rC+ rF+, rN+ Str+4 Dex-2}
 17440 | D:13     | Acquired a manual of Dodging
 17624 | D:8      | Bought a ring of protection from fire for 325 gold pieces
 17624 | D:8      | Bought a ring of protection from cold for 325 gold pieces
 17745 | Orc:1    | Entered Level 1 of the Orcish Mines
 17754 | Orc:1    | Found a dark tunnel.
 17768 | Volcano  | Entered a volcano
 18797 | D:12     | Bought a pair of faintly humming gloves for 380 gold pieces
 18797 | D:12     | Identified the +1 pair of gloves "Fofioj" {rC++ rN+} (You
                  | bought it in a shop on level 12 of the Dungeon)
 18812 | D:12     | Bought a scroll of teleportation for 33 gold pieces
 18812 | D:12     | Bought a potion of haste for 110 gold pieces
 18812 | D:12     | Bought a scroll of identify for 22 gold pieces
 18828 | Orc:2    | Entered Level 2 of the Orcish Mines
 18962 | Orc:2    | Noticed Urug
 18980 | Orc:1    | Killed Urug
 19781 | Orc:2    | Noticed Saint Roka
 19824 | Orc:2    | Killed Saint Roka
 20069 | Orc:1    | Reached skill level 15 in Shields
 20279 | Orc:2    | Reached skill level 10 in Dodging
 20282 | Orc:2    | Found Beberr's Antique Armour Shoppe.
 20282 | Orc:2    | Found Zaraefiat's Assorted Antiques.
 20284 | Orc:2    | Found Vyitsich's Assorted Antiques.
 20284 | Orc:2    | Found Qiefism's Armour Shop.
 20344 | Orc:2    | Bought the +3 crown of Dyrovepreva {rElec Int+2 SInv} for
                  | 538 gold pieces
 20344 | Orc:2    | Found the +3 crown of Dyrovepreva {rElec Int+2 SInv}
 20346 | Orc:2    | Bought an amethyst potion for 19 gold pieces
 20346 | Orc:2    | Bought a scroll of identify for 44 gold pieces
 20346 | Orc:2    | Bought a wand of mindburst (9) for 277 gold pieces
 20423 | Orc:2    | Found a staircase to the Elven Halls.
 20664 | D:14     | Found a radiant altar of Vehumet.
 20689 | D:14     | Reached skill level 19 in Armour
 20973 | D:14     | Reached XP level 15. HP: 130/130 MP: 14/14
 21040 | D:14     | Reached skill level 15 in Long Blades
 21857 | D:14     | Found a gate to the Vaults.
 22025 | D:15     | Entered Level 15 of the Dungeon
 22521 | D:15     | Found a staircase to the Depths.
 24184 | Lair:5   | Found a viscous altar of Jiyva.
 24184 | Lair:5   | Found a staircase to the Slime Pits.
 24692 | Lair:5   | Reached XP level 16. HP: 139/139 MP: 15/15
 24841 | Lair:5   | Bought a scroll of blinking for 127 gold pieces
 24930 | Spider:1 | Entered Level 1 of the Spider Nest
 25256 | Spider:1 | Reached skill level 20 in Armour
 25732 | Spider:2 | Noticed Jorgrun
 26045 | Spider:2 | Noticed Frances
 26057 | Spider:2 | Killed Jorgrun
 26060 | Spider:2 | Killed Frances
 28645 | Spider:3 | Identified the serpent talisman of Ruexakk {Will+ Str+2}
 28645 | Spider:3 | Noticed Aizul
 28657 | Spider:3 | Killed Aizul
 29295 | Spider:3 | Identified the orb "Zocs" {guile, rF+}
 29332 | Spider:4 | Entered Level 4 of the Spider Nest
 29567 | Spider:4 | Noticed Bai Suzhen
 29599 | Spider:3 | Reached XP level 17. HP: 91/148 MP: 16/16
 29608 | Spider:3 | Killed Bai Suzhen
 30033 | Spider:4 | Noticed Arachne
 30054 | Spider:3 | Killed Arachne
 30313 | Spider:4 | Noticed Donald
 30334 | Spider:3 | Killed Donald
 31361 | Spider:4 | Reached skill level 21 in Armour
 31771 | Spider:4 | Got a gossamer rune of Zot
 32234 | Vaults:1 | Entered Level 1 of the Vaults
 32678 | Vaults:1 | Found Godoril's Weapon Emporium.
 32799 | Vaults:1 | Noticed a sphinx
 32889 | Vaults:1 | Reached skill level 10 in Evocations
 32943 | Vaults:1 | Found a large runed translucent door.
 32944 | Vaults:1 | Found a large runed translucent door.
 32944 | Vaults:1 | Found a large runed translucent door.
 32944 | Vaults:1 | Noticed Lemonizer's ghost (adept MDEE)
 32945 | Vaults:1 | Found a large runed translucent door.
 32945 | Vaults:1 | Found a large runed translucent door.
 32945 | Vaults:1 | Found a large runed translucent door.
 32945 | Vaults:1 | Found a large runed translucent door.
 32945 | Vaults:1 | Found a large runed translucent door.
 33223 | Vaults:1 | Reached XP level 18. HP: 152/158 MP: 17/17
 33634 | Vaults:1 | Killed Lemonizer's ghost
 33641 | Vaults:1 | Identified the +2 helmet "Put-Me-On" {Rampage rPois Str+2}
 33908 | Vaults:2 | Found a magical portal.
 33930 | WizLab   | Entered Cigotuvi's Fleshworks
 34480 | WizLab   | Got Cigotuvi's Vademecum on the Decaying Athanor
 34506 | WizLab   | Found the +4 Cigotuvi's embrace {Corpsefed rMiasma ^Drain
                  | rN+}
 34545 | WizLab   | Identified the flux talisman "Tarphov" {rN+ Int+4}
 34742 | WizLab   | HP: 1/160 [constriction (35)]
 35235 | WizLab   | Reached skill level 22 in Armour
 35443 | Vaults:2 | Reached skill level 10 in Throwing
 35601 | Vaults:2 | Reached skill level 15 in Dodging
 35716 | Vaults:2 | Found a staircase to the Crypt.
 36018 | Vaults:2 | Identified the +9 morningstar of Hururewu {vamp, rElec
                  | Str+6 Dex+4}
 36116 | Vaults:2 | Found the +7 great mace "Firestarter" {flame, immolate,
                  | rFlCloud rF++}
 36537 | Vaults:3 | Found a crumbling gateway.
 36564 | Desolati | Entered the Desolation of Salt
 36583 | Desolati | Reached XP level 19. HP: 167/167 MP: 18/18
 36761 | Desolati | Found the +1 cloak of Starlight {*Dazzle EV+4 Stlth--}
 36762 | Desolati | Identified the ring "Zoybrit" {rCorr Str-3 Dex+3 SInv}
 36771 | Desolati | Identified the amulet "Mefyn" {Spirit MP+9 Int+6 Slay+2}
 36822 | Desolati | Identified the ring of Leaves {rElec rC+++ Will- rCorr
                  | Slay+3}
 36941 | Desolati | Identified the +2 rapier of the Tooth {drain, rElec Str-4
                  | Int+2 SInv}
 37526 | Desolati | Found the +3 Mad Mage's Maulers {Infuse+∞ VampMP -Cast}
 37535 | Desolati | Identified the amulet "Nuirph" {Regen+ Str+4}
 37545 | Desolati | Got the Folio of Location and Finality
 37551 | Desolati | Got The Keys to the Arcane Rites
 39411 | Vaults:4 | Found a portal to a secret trove of treasure.
 39411 | Vaults:4 | Noticed Xtahua
 39412 | Vaults:4 | Paralysed by Xtahua for 3 turns
 39433 | Vaults:4 | Killed Xtahua
 39434 | Vaults:4 | Reached skill level 23 in Armour
 39782 | Vaults:4 | Reached skill level 15 in Fighting
 39914 | Vaults:4 | Reached XP level 20. HP: 150/178 MP: 19/19
 40125 | Vaults:4 | Identified the +5 chain mail of Imperfection {Fly rF-
                  | Will++ Int-4}
 40258 | Vaults:4 | Identified the +0 leather armour of Beefikk {rPois}
 40269 | Vaults:4 | Identified the +7 quarterstaff of Earthquakes {drain, rPois
                  | rCorr Str-2 Int+6}
 40767 | Vaults:4 | Identified the +2 shortbow of the Wicked God {antimagic,
                  | Fly rPois rF- rC+}
 41278 | Swamp:1  | Entered Level 1 of the Swamp
 41359 | Swamp:1  | Identified the +1 ring mail "Kiyq" {rF+ rN+ Str+2}
 42028 | Swamp:1  | Noticed Louise
 42039 | Swamp:1  | Killed Louise
 42064 | Swamp:1  | You fall into a shaft and drop 1 floor!
 42847 | Swamp:2  | Got the Book of Voltage
 43509 | Swamp:3  | Found an ancient bone altar of Kikubaaqudgha.
 43523 | Swamp:3  | Got the Compilation of Evil Acts
 43608 | Swamp:3  | Found an ancient bone altar of Kikubaaqudgha.
 43794 | Swamp:4  | Entered Level 4 of the Swamp
 44281 | Swamp:4  | Got a decaying rune of Zot
 45153 | Depths:1 | Entered Level 1 of the Depths
 45188 | Depths:1 | Reached XP level 21. HP: 187/187 MP: 20/20
 45199 | Depths:1 | Found Kareizus's Antique Weapon Shop.
 45213 | Depths:1 | Found a one-way gate to the infinite horrors of the Abyss.
 45491 | Depths:1 | Found a flickering gateway to a bazaar.
 45501 | Bazaar   | Entered a bazaar
 45501 | Bazaar   | Found Bamucewnud's Armour Shoppe.
 45501 | Bazaar   | Found Ajihol's Weapon Shop.
 45501 | Bazaar   | Found Paffy's Book Shoppe.
 45503 | Bazaar   | Found Uwogo's Antique Weapon Emporium.
 45667 | Depths:1 | Found a white marble altar of Elyvilon.
 45919 | Depths:1 | Found a gateway to Hell.
 46374 | Depths:2 | Reached skill level 24 in Armour
 46845 | Depths:2 | Identified the +1 leather armour of the Invisible Priests
                  | {Fly Str+8}
 46891 | Depths:2 | Found a runed translucent gate.
 46891 | Depths:2 | Found a runed translucent gate.
 46891 | Depths:2 | Found a runed translucent gate.
 46939 | Depths:2 | Noticed Zuofef's ghost (veteran GrEE)
 46942 | Depths:2 | Identified the ring "Jeduhang" {Fire ^Drain Str+3 Slay+2}
 47265 | Depths:2 | Found a one-way gate leading to the halls of Pandemonium.
 47818 | Depths:2 | Killed Zuofef's ghost
 48011 | Depths:2 | Identified the +0 pair of gloves "Xizergh" {rN+ Str+3
                  | Dex+3}
 48255 | D:12     | Bought a condenser vane for 440 gold pieces
 48255 | D:12     | Bought a box of beasts for 440 gold pieces
 48397 | Depths:3 | Identified the +0 ring mail of the Well-Known Ghosts {rF+
                  | rCorr Dex+3}
 48608 | Depths:3 | Found Xasadyf's Jewellery Shop.
 49580 | Depths:4 | Entered Level 4 of the Depths
 49596 | Depths:4 | Noticed Jory
 49609 | Depths:4 | Killed Jory
 49681 | Abyss:2  | Cast into level 2 of the Abyss (hell knight)
 49880 | Abyss:3  | Found a corrupted altar of Lugonu.
 49930 | Abyss:3  | Found a corrupted altar of Lugonu.
 49953 | Abyss:3  | Reached XP level 22. HP: 164/196 MP: 21/21
 49981 | Abyss:3  | Got an abyssal rune of Zot
 50027 | Abyss:3  | Found a corrupted altar of Lugonu.
 50138 | Depths:4 | Escaped the Abyss
 50979 | Depths:4 | Found a gate to the Realm of Zot.
 51034 | Depths:4 | Found a one-way gateway to a ziggurat.
 51281 | Depths:4 | Identified the +3 robe of Meecar {rPois rN+ Str+3 Stlth+}
 51281 | Depths:4 | Noticed Boris
 51333 | Depths:3 | Killed Boris
 51424 | Depths:4 | Reached skill level 25 in Armour
 52226 | Lair:5   | Noticed Kirke
 52317 | Lair:5   | Killed Kirke
 52651 | Lair:5   | Found a burning altar of Makhleb.
 53025 | Elf:1    | Entered Level 1 of the Elven Halls
 53040 | Elf:1    | Found a runed translucent gate.
 53040 | Elf:1    | Found a runed translucent gate.
 53040 | Elf:1    | Found a runed translucent gate.
 53044 | Elf:1    | Noticed Hempoxt's ghost (adept HuAE)
 53068 | Elf:1    | Killed Hempoxt's ghost
 53549 | Elf:1    | Identified the +1 leather armour of the Skies Above {rPois
                  | rCorr Int+4 Slay-3}
 53613 | Elf:1    | Got the Discourse on the Legion
 53977 | Elf:2    | Found Siwkapuu's Antique Weapon Boutique.
 54850 | Elf:2    | Found a runed translucent gate.
 54878 | Elf:2    | Found a runed translucent gate.
 54879 | Elf:2    | Found a runed translucent gate.
 55117 | Crypt:1  | Entered Level 1 of the Crypt
 56071 | Crypt:1  | Noticed a dread lich
 56075 | Crypt:1  | Killed a dread lich
 56076 | Crypt:1  | Reached XP level 23. HP: 90/206 MP: 22/22
 56079 | Crypt:1  | Identified the +2 long sword "Bejaus" {spect, Dex+3 Stlth+}
 57097 | Crypt:2  | Identified the orb "Muik Vya" {*channel, Harm SInv}
 57097 | Crypt:2  | Noticed Frederick
 57118 | Crypt:2  | Killed Frederick
 57990 | Crypt:3  | Entered Level 3 of the Crypt
 58410 | Crypt:3  | Found a staircase to the Tomb.
 58908 | Crypt:3  | Reached skill level 26 in Armour
 58969 | Crypt:3  | Noticed a royal mummy
 59001 | Crypt:3  | Killed a royal mummy
 59230 | Crypt:3  | Found a basalt altar of Yredelemnul.
 59239 | Crypt:3  | Found an ancient bone altar of Kikubaaqudgha.
 59260 | Crypt:3  | Got Quotidian Incantation
 59265 | Crypt:3  | Identified the +0 ring mail of the Journeyman {Harm rPois
                  | rF+ Dex+2}
 60290 | Elf:2    | Noticed Azrael
 60300 | Elf:2    | Killed Azrael
 60589 | Elf:3    | Entered Level 3 of the Elven Halls
 60847 | Elf:3    | Found a shimmering blue altar of Sif Muna.
 61231 | Abyss:3  | Cast into level 3 of the Abyss (a deep elf demonologist)
 61244 | Elf:3    | Escaped the Abyss
 61630 | Elf:3    | Reached XP level 24. HP: 134/216 MP: 22/22
 61659 | Abyss:3  | Cast into level 3 of the Abyss (a deep elf sorcerer)
 61855 | Abyss:3  | Noticed a dread lich
 61867 | Abyss:3  | HP: 9/217 [balrug/divine providence[a dread lich] (13)]
 61869 | Abyss:3  | HP: 2/217 [dread lich (7)]
 61875 | Abyss:3  | Killed a dread lich
 61928 | Abyss:3  | Noticed an ancient lich
 61943 | Abyss:3  | Killed an ancient lich
 61953 | Elf:3    | Escaped the Abyss
 61963 | Elf:3    | Killed from afar by a deep elf sorcerer

Illustrated notes

Levels and vault maps discovered:
D:1:      lightli_arrival_windingriver, layout_loops_ring
D:2:      layout_basic, dk_noncrumbling_3
D:3:      layout_loops_corners, mainiacjoe_overflow_boulevard,
          shapermc_ecumenical_altar_gd, minmay_misc_feat_alley, st_stairs_8
D:4:      layout_gridville, lemuel_flame_loot_1
D:5:      layout_basic, minmay_temple_entry_stoned_glass
D:6:      layout_basic, grunt_decor_mini_mirrors
D:7:      layout_loops_cross, mainiacjoe_overflow_six_doors_small,
          lemuel_round_altar, lemuel_blue_sif_altar
D:8:      layout_cave_pools, gammafunk_temple_overflow_claw, serial_shops, shop,
          hangedman_abyss_or_decor_passed, fungi_pond_lemuel, uniq_joseph
D:9:      layout_basic, dpeg_oklobed_lair, minmay_ruined_shrine
D:10:     layout_loops_corners
D:11:     layout_long_grid, serial_undead, serial_undead_d, serial_undead_d,
          serial_undead_d, serial_undead_f, serial_undead_e, serial_undead_f,
          serial_undead_f, uniq_josephine, uniq_grum, uniq_fannar
D:12:     layout_irregular_city, orc_0_dummy, eat_drink_and_be_merry_uskayaw
D:13:     layout_long_grid
D:14:     layout_stronghold, grunt_vaults_entry_fortified, vehumet_crystals
D:15:     grunt_enter_depths_magical_seal, layout_stronghold, glass_columns_a
Temple:   nicolae_temple_superstar
Lair:1:   layout_cave_shapes, lemuel_fruit_tree
Lair:2:   layout_misc_corridors, nicolae_spider_entry_non_spiders, minmay_holes
Lair:3:   layout_roguey, palyth_hydra_swamp_entry
Lair:4:   layout_long_grid
Lair:5:   evil_forest, layout_cave_pods, slime_entry_1, uniq_kirke
Swamp:1:  layout_basic_swamp, nicolae_swamp_treefoil, nicolae_swamp_spooky_pond,
          infiniplex_staircase_pool, uniq_louise
Swamp:2:  layout_basic_swamp, evilmike_swamp_ruin_house_4, swamp_pool_3
Swamp:3:  layout_basic_swamp, basic_altar, swamp_pool_1_2, beargit_kiku_chapel
Swamp:4:  swamp_alternative, layout_basic_swamp, infiniplex_staircase_pool_2
Spider:1: layout_spider_delve
Spider:2: layout_spider_delve, hangedman_spider_tarantella_strand, uniq_frances,
          uniq_jorgrun
Spider:3: layout_spider_delve, uniq_aizul
Spider:4: guppyfry_spider_rune, uniq_arachne, uniq_donald, uniq_bai_suzhen
Orc:1:    layout_caves, enter_volcano_3
Orc:2:    st_orc_elflike, layout_caves, uniq_saint_roka, uniq_urug
Elf:1:    layout_loops_cross, ebering_ghost_rock_garden, minmay_elf_demonology
Elf:2:    nicolae_elf_blades_crystal_corner, layout_geoelf_octagon,
          serial_shops, nicolae_stop_n_shop_1, uniq_azrael
Elf:3:    minmay_elf_hall_hex, layout_loops_cross, basic_altar
Vaults:1: advil_vaults_ghost_lines, nicolae_vaults_security_offices_3,
          nicolae_vaults_yaktaur_gun_rack, vaults_mumra_hexcomb,
          nicolae_vaults_stepped_doors, vaults_mumra_hex, serial_ice_g,
          nicolae_vaults_bisected_exclaves, nicolae_vaults_tetromino_Z_2,
          nicolae_vaults_more_shelving_1, layout_vaults_quadrants, serial_shops,
          nicolae_shop_gibbet_a_chance
Vaults:2: lightli_enter_wizlab_magi_temple, ontoclasm_vaults_fault,
          ontoclasm_vaults_ring_large, v_misc_19,
          nicolae_vaults_closet_pinwheel_5, v_misc_17,
          nicolae_vaults_double_plus_1, minmay_crypt_entry_simple_round,
          grunt_vaults_trifunnel, hangedman_vaults_nodes,
          nicolae_vaults_double_plus_1, nicolae_vaults_rhombus_6, v_misc_18,
          layout_vaults_omnibox
Vaults:3: portal_desolation_entry_salt, nicolae_vaults_security_offices_6,
          v_misc_29, v_pattern_3, nicolae_vaults_little_squares_3, v_misc_5,
          nicolae_vaults_turnstiles, nicolae_vaults_diagonal_hallway_8,
          hangedman_vaults_snaps, vaults_room_door_hall,
          hangedman_vaults_impose, layout_vaults_ring
Vaults:4: nicolae_vaults_weapon_check, hangedman_vaults_hat,
          nicolae_vaults_diagonal_hallway_6, nicolae_vaults_big_ls,
          hangedman_vaults_impose, nicolae_vaults_closet_pinwheel_4,
          nicolae_vaults_tetromino_Z_1, vaults_room_pool,
          nicolae_vaults_tetromino_T_1, nicolae_vaults_statue_guard,
          layout_vaults_big_room, nicolae_trove_entry_crossroad, uniq_xtahua
Crypt:1:  layout_gridlike, st_shrine_of_skulls, grunt_megastairs_2,
          grunt_crypt_arrival_split
Crypt:2:  layout_catacombs, grunt_ministairs_2, nicolae_crypt_lurching_hallway,
          uniq_frederick
Crypt:3:  lightli_unholy_cathedral, layout_chaotic_city,
          tomb_entry_simple_bobbens
Depths:1: layout_long_grid, minmay_misc_feat_ornament, hangedman_coc_ice_floe,
          serial_shops, bzr_in_the_mist, abyss_entry, elyvilon_altar_1,
          minmay_shop_star
Depths:2: minmay_dotted_concentric_squares, layout_basic,
          serial_library_regret_index_multi, grunt_pan_entry_sceptre,
          abyss_entry, hell_entry, gammafunk_ghost_icy,
          infiniplex_staircase_zigzag_2
Depths:3: minmay_box_of_statues, layout_cave_pools, hell_entry, serial_shops,
          shop, abyss_entry, serial_sigils_hangedman_stare, pan_entry,
          kennysheep_cross_bottleneck, minmay_staircase_windowed_large
Depths:4: grunt_zot_entry_alcove, layout_long_grid, enter_ziggurat_e,
          serial_sigils_hangedman_scar, hell_entry, uniq_boris, uniq_jory,
          uniq_grunn

Skill      XL: |  1  2  3  4  5  6  7  8  9 10 11 12 13 14 15 16 17 18 19 20 21 22 23 24 |
---------------+-------------------------------------------------------------------------+-----
Armour         | 4 5 6 7 8 10 12 14 15 17 18 19 20 21 22 23 24 25 26 | 26.5
Long Blades    | 3 4 5 7 8 9 11 12 13 14 16 17 18 19 20 21 22 23 24 | 24.2
Shields        | 4 5 6 7 9 10 11 12 14 15 16 17 18 19 20 21 22 23 24 | 24.4
Fighting       | 4 5 6 7 8 9 10 11 12 13 14 15 16 17 18 | 18.2
Dodging        | 1 2 3 4 5 6 7 8 10 11 13 14 15 16 17 18 19 | 19.0
Evocations     | 1 2 3 4 5 6 7 8 9 10 11 12 13 | 13.8
Throwing       | 3 4 5 6 7 8 9 10 11 12 | 12.1

Action                     |  1- 3 |  4- 6 |  7- 9 | 10-12 | 13-15 | 16-18 | 19-21 | 22-24 || total
---------------------------+-------+-------+-------+-------+-------+-------+-------+-------++-------
  Melee: Long sword        |    40 |       |       |       |       |       |       |       ||    40
         Headbutt          |    10 |    14 |    51 |    97 |   210 |   337 |   513 |   448 ||  1680
         Scimitar          |    54 |   163 |   298 |   414 |       |       |       |       ||   929
         Double sword      |       |       |       |    28 |   838 |  1157 |  1524 |  1308 ||  4855
  Throw: Javelin           |       |       |       |    10 |       |       |       |     1 ||    11
 Invoke: Call Merchant     |       |       |       |       |     3 |     3 |     2 |     2 ||    10
  Evoke: Wand              |       |       |       |     6 |    10 |     3 |       |    14 ||    33
         Condenser vane    |       |       |       |       |       |       |     1 |     2 ||     3
    Use: Scroll            |     4 |     5 |     7 |    11 |     6 |     9 |     2 |     3 ||    47
         Potion            |       |       |       |     1 |     4 |    10 |     7 |     4 ||    26
   Stab: Distracted        |       |     1 |     4 |     2 |    13 |     9 |     9 |     9 ||    47
 Armour: Scale mail        |    30 |       |       |       |       |       |       |       ||    30
         Chain mail        |    36 |   126 |   256 |    43 |       |       |       |       ||   461
         Plate armour      |       |       |       |   204 |   500 |   540 |   632 |   379 ||  2255
  Dodge: Dodged            |    43 |    39 |   126 |   120 |   287 |   369 |   490 |   312 ||  1786
  Block: Buckler           |    21 |    52 |   111 |   252 |   521 |   328 |       |       ||  1285
         Reflection        |       |       |       |    11 |    54 |    55 |    60 |    34 ||   214
         Kite shield       |       |       |       |       |       |   574 |  1354 |  1068 ||  2996

Table legend: (Time is in decaauts)
 A = Elapsed time spent in this place.
 B = Non-inter-level travel time spent in this place.
 C = Inter-level travel time spent in this place.
 D = Time resting spent in this place.
 E = Time spent auto-exploring this place.
 F = Levels seen in this place.
 G = Mean time per level.
                   A        B        C        D        E       F      G
               +--------+--------+--------+--------+--------+-----+--------+
         Total |  61164 |  56058 |   5106 |  12431 |  25362 |  53 | 1154.0 |
       Dungeon |  17651 |  15221 |   2430 |   2328 |   8559 |  15 | 1176.7 |
        Temple |     77 |     41 |     36 |      0 |      0 |   1 |   77.0 |
          Lair |   6747 |   5804 |    943 |    938 |   2864 |   5 | 1349.4 |
         Swamp |   3753 |   3614 |    139 |    683 |   1711 |   4 |  938.2 |
   Spider Nest |   6811 |   6478 |    333 |   3072 |   1303 |   4 | 1702.8 |
  Orcish Mines |   2675 |   2477 |    198 |    943 |   1016 |   2 | 1337.5 |
   Elven Halls |   3397 |   3237 |    160 |    346 |   1525 |   3 | 1132.3 |
        Vaults |   6274 |   5841 |    433 |    511 |   3616 |   4 | 1568.5 |
         Crypt |   4454 |   4277 |    177 |    885 |   2240 |   3 | 1484.7 |
        Depths |   5908 |   5653 |    255 |   1767 |   2178 |   4 | 1477.0 |
         Abyss |    685 |    685 |      0 |     27 |      0 |   4 |  171.2 |
        Bazaar |     67 |     67 |      0 |      0 |      0 |   1 |   67.0 |
       Volcano |    246 |    246 |      0 |     92 |      0 |   1 |  246.0 |
        Wizlab |   1364 |   1364 |      0 |    505 |    269 |   1 | 1364.0 |
    Desolation |   1048 |   1048 |      0 |    332 |     78 |   1 | 1048.0 |
               +--------+--------+--------+--------+--------+-----+--------+

Top non-repeatable levels by time:
Spider:3: 2499 daAuts
Vaults:4: 1927 daAuts
   Elf:2: 1864 daAuts
Depths:2: 1820 daAuts
    D:14: 1694 daAuts
 Crypt:1: 1670 daAuts
  Lair:5: 1660 daAuts
    D:10: 1649 daAuts
 Crypt:3: 1620 daAuts
Depths:3: 1619 daAuts
   Orc:1: 1608 daAuts
    D:15: 1590 daAuts
     D:9: 1549 daAuts
     D:8: 1531 daAuts
Spider:2: 1527 daAuts
